 Dungeon Crawl Stone Soup version 0.24.0-28-g17ded55e90 (webtiles) character file.

Game seed: 14866289493412766201, levelgen mode: deterministic

2986 Nattfarinn the Destroyer (level 9, 0/45 HPs)
             Began as a Deep Elf Conjurer on Nov 11, 2019.
             Was a Believer of Vehumet.
             Slain by a hornet (12 damage)
             ... while paralysed by a hornet
             ... on level 8 of the Dungeon.
             The game lasted 00:19:30 (7901 turns).

Nattfarinn the Destroyer (Deep Elf Conjurer)        Turns: 7901, Time: 00:19:30

Health: 0/45       AC:  4    Str:  5    XL:     9   Next: 53%
Magic:  20/24      EV:  2    Int: 24    God:    Vehumet [**....]
Gold:   424        SH:  0    Dex: 15    Spells: 19/26 levels left

rFire    . . .     SeeInvis .   g - +0 scythe (venom)
rCold    . . .     Gourm    .   (shield currently unavailable)
rNeg     . . .     Faith    .   a - +0 robe
rPois    .         Spirit   .   (no helmet)
rElec    .         Reflect  .   x - +0 cloak
rCorr    .         Harm     .   p - +0 pair of gloves
MR       .....                  (no boots)
Stlth    ++........             (no amulet)
HPRegen  0.15/turn              (no ring)
MPRegen  0.19/turn              (no ring)

@: paralysed, lethally poisoned (0 -> -20), flying, slowed
A: no striking features
a: Renounce Religion


You were on level 8 of the Dungeon.
You worshipped Vehumet.
Vehumet was pleased with you.
You were not hungry.

You visited 1 branch of the dungeon, and saw 8 of its levels.

You collected 424 gold pieces.

Inventory:

Hand Weapons
 b - a +4 hand axe
 g - a +0 scythe of venom (weapon)
Missiles
 C - 7 javelins (quivered)
Armour
 a - a +0 robe (worn)
 p - a +0 pair of gloves (worn)
 x - a +0 cloak (worn)
Jewellery
 l - a +2 ring of intelligence {unknown}
 F - an uncursed ring of see invisible {unknown}
Wands
 q - a wand of paralysis (5)
Scrolls
 d - 2 scrolls of magic mapping {unknown}
 e - a scroll of teleportation {unknown}
 f - 3 scrolls of identify {unknown}
 k - 3 scrolls of enchant weapon {unknown}
 m - 3 scrolls of remove curse {unknown}
 o - 2 scrolls of random uselessness {unknown}
 w - 2 scrolls of blinking {unknown}
 y - a scroll of holy word {unknown}
 A - a scroll of acquirement {unknown}
Potions
 h - a potion of curing {unknown}
 j - a potion of flight
 r - a potion of brilliance
 s - 3 potions of haste {unknown}
 t - a potion of degeneration {unknown}
 u - a potion of might {unknown}
 v - a potion of magic {unknown}
 z - a potion of ambrosia {unknown}
 B - a potion of invisibility {unknown}
 D - a potion of agility {unknown}
Comestibles
 c - 15 rations
 E - a chunk of flesh


   Skills:
 + Level 8.3 Dodging
 - Level 2.4 Stealth
 + Level 9.2 Spellcasting
 * Level 11.1 Conjurations


You had 19 spell levels left.
You knew the following spells:

 Your Spells              Type           Power        Failure   Level  Hunger
a - Magic Dart            Conj           ####         1%          1    None
b - Searing Ray           Conj           ######       1%          2    None
c - Iskenderun's Mystic   Conj           ######..     1%          4    ##.....

Your spell library contained the following spells:

 Spells                   Type           Power        Failure   Level  Hunger
 Sandblast                Erth           ##....       6%          1    None
 Dazzling Spray           Conj/Hex       #####.       1%          3    None
 Confusing Touch          Hex            ##....       6%          1    None
 Force Lance              Conj/Tloc      #####...     6%          4    ##.....
 Fulminant Prism          Conj/Hex       #####.....   6%          4    ##.....
 Confuse                  Hex            ##......     17%         3    None
 Gell's Gravitas          Tloc           ##........   17%         3    None
 Petrify                  Tmut/Erth      ##......     50%         4    ##.....
 Metabolic Englaciation   Hex/Ice        ##........   85%         5    ####...
 Yara's Violent Unravell  Hex/Tmut       ##........   85%         5    ####...


Dungeon Overview and Level Annotations

Branches:
Dungeon (8/15)             Temple (0/1) D:4
   Lair: D:8-11

Altars:
Cheibriados
Gozag
Nemelex Xobeh
Qazlal
Vehumet
Wu Jian
The Shining One

Annotations:
D:2 1 runed translucent door, Crazy Yiuf


Message History

Okay, then.
As you read the scroll labeled LEIFIDU OWEECAIH, it crumbles to dust.
The creatures around you are filled with an inner flame!
It was a scroll of immolation.
You feel sick. The hornet barely misses you. The hornet stings you!
You are more poisoned.
You feel as though you will be slow longer.
The hornet completely misses you.
You feel much better.
You feel very sick. The hornet barely misses you.
The hornet closely misses you.
It was a potion of flight.
You feel very buoyant.
You fly up into the air.
You feel very sick. The hornet stings you!
You suddenly lose the ability to move!
The hornet stings you!
You shrug off the repeated paralysis!
* * * LOW HITPOINT WARNING * * *
You feel sick. The hornet stings you!
You die...

##########
#######.........
.......<########
..........####
#########@y..#
####..... ###.


You could see a hornet (inner flame).

Vanquished Creatures
  Pikel (D:6)
  Eustachio (D:7)
  A spriggan (D:7)
  Sigmund (D:2)
  3 slaves (D:6)
  An orc warrior (D:7)
  A phantom (D:5)
  An ogre (D:5)
  2 centaurs
  A necrophage (D:7)
  2 bullfrogs
  Blork the orc (D:7)
  6 scorpions
  5 wights
  4 crimson imps
  A howler monkey (D:6)
  A jelly (D:5)
  A bullfrog skeleton (D:7)
  2 orc priests (D:7)
  A hound (D:4)
  3 iguanas
  Ijyb (D:3)
  Natasha (thrice) (D:2)
  6 worker ants
  A hound zombie (D:7)
  5 gnolls
  9 adders
  A howler monkey skeleton (D:7)
  2 oozes
  5 worms
  2 dart slugs
  4 leopard geckos
  8 orcs
  A ball python (D:3)
  5 giant cockroaches
  10 hobgoblins
  5 jackals
  3 quokkas
  18 bats
  3 frilled lizards
  11 goblins
  A jackal skeleton (D:6)
  6 kobolds
  A leopard gecko skeleton (D:6)
  12 rats
163 creatures vanquished.

Notes
Turn   | Place    | Note
-------+----------+-------------------------------------------
     0 | D:1      | Nattfarinn the Deep Elf Conjurer began the quest for the
                  | Orb.
     0 | D:1      | Reached XP level 1. HP: 10/10 MP: 6/6
   130 | D:1      | Reached XP level 2. HP: 15/15 MP: 5/8
   512 | D:1      | Reached skill level 5 in Conjurations
   517 | D:1      | Reached XP level 3. HP: 19/19 MP: 1/10
   707 | D:1      | Learned a level 2 spell: Searing Ray
  1081 | D:2      | Reached XP level 4. HP: 24/24 MP: 6/11
  1254 | D:2      | Noticed Natasha
  1261 | D:2      | Killed Natasha
  1473 | D:2      | Noticed Sigmund
  1537 | D:2      | Killed Sigmund
  1537 | D:2      | Reached skill level 6 in Conjurations
  1537 | D:2      | Reached XP level 5. HP: 28/28 MP: 3/14
  1537 | D:2      | Reached XP level 6. HP: 32/32 MP: 3/15
  1712 | D:2      | Noticed Natasha
  1715 | D:2      | Killed Natasha
  1715 | D:2      | Reached skill level 5 in Spellcasting
  1739 | D:2      | Noticed Natasha
  1745 | D:2      | Killed Natasha
  2043 | D:2      | Found an opulent altar of Gozag.
  2044 | D:2      | Found a radiant altar of Vehumet.
  2055 | D:2      | Became a worshipper of Vehumet
  2063 | D:2      | Found a sparkling altar of Nemelex Xobeh.
  2064 | D:2      | Found a stormy altar of Qazlal.
  2104 | D:2      | Found a runed translucent door.
  2105 | D:2      | Noticed Crazy Yiuf
  2217 | D:3      | Found a snail-covered altar of Cheibriados.
  2503 | D:3      | Found a faded altar of an unknown god.
  2530 | D:3      | Noticed Ijyb
  2533 | D:3      | Paralysed by Ijyb for 2 turns
  2538 | D:3      | Killed Ijyb
  2627 | D:3      | Reached skill level 7 in Conjurations
  2886 | D:4      | Reached skill level 5 in Dodging
  2890 | D:4      | Reached XP level 7. HP: 36/36 MP: 4/17
  3048 | D:4      | Reached * piety under Vehumet
  3048 | D:4      | Offered knowledge of Shock by Vehumet.
  3708 | D:4      | Found a staircase to the Ecumenical Temple.
  3801 | D:4      | Reached skill level 8 in Conjurations
  3978 | D:5      | Entered Level 5 of the Dungeon
  4178 | D:5      | Reached XP level 8. HP: 41/41 MP: 8/20
  5027 | D:6      | Reached skill level 9 in Conjurations
  5519 | D:6      | Offered knowledge of Sandblast by Vehumet.
  5700 | D:6      | Reached ** piety under Vehumet
  6134 | D:6      | Noticed Pikel
  6202 | D:6      | Killed Pikel
  6202 | D:6      | Reached skill level 10 in Conjurations
  6202 | D:6      | Reached XP level 9. HP: 17/45 MP: 10/23
  6964 | D:7      | Found an ornate altar of the Wu Jian Council.
  7287 | D:6      | Learned a level 4 spell: Iskenderun's Mystic Blast
  7359 | D:7      | Noticed Blork the orc
  7396 | D:7      | Found a glowing golden altar of the Shining One.
  7426 | D:7      | Noticed Eustachio
  7577 | D:7      | Killed Eustachio
  7700 | D:7      | Killed Blork the orc
  7794 | D:7      | Reached skill level 11 in Conjurations
  7895 | D:8      | Paralysed by a hornet for 2 turns
  7900 | D:8      | Paralysed by a hornet for 3 turns
  7901 | D:8      | Slain by a hornet

Levels and vault maps discovered:
D:1:      minmay_arrival_solitary_statue, layout_loops_cross, minivault_26,
          minmay_tetromino_i2
D:2:      layout_rooms, minitemple, uniq_sigmund, uniq_natasha,
          uniq_crazy_yiuf_cottage
D:3:      layout_rooms, nicolae_overflow_crystal_walls,
          chequers_ecumenical_altar_simple, uniq_ijyb
D:4:      old_forge, layout_rooms, minmay_temple_entry_antechambers,
          first_ration
D:5:      layout_basic
D:6:      layout_loops_ring, uniq_pikel
D:7:      layout_rooms, tso_altar, basic_altar, the_bakery, sword_in_stone
D:8:      layout_rooms, minmay_misc_feat_hallway, kennysheep_generic_room_16,
          uniq_maurice

Skill      XL: |  1  2  3  4  5  6  7  8  9 |
---------------+----------------------------+-----
Conjurations   | 5 6 7 8 10 11 | 11.1
Dodging        | 3 4 5 6 7 8 |  8.3
Spellcasting   | 4 5 6 8 9 |  9.2
Stealth        | |  2.4

Action                   |  1- 3 |  4- 6 |  7- 9 || total
-------------------------+-------+-------+-------++-------
Melee: Hand axe          |    15 |     3 |       ||    18
       Unarmed           |     2 |       |       ||     2
       Scythe            |       |    30 |    27 ||    57
 Cast: Magic Dart        |    66 |   108 |   318 ||   492
       Searing Ray       |       |       |    11 ||    11
       Iskenderun's Myst |       |       |    12 ||    12
  Use: Potion            |       |       |     7 ||     7
       Scroll            |       |       |     1 ||     1
 Stab: Sleeping          |     2 |     1 |       ||     3
  Eat: Chunk             |       |     6 |    12 ||    18
       Ration            |       |       |     1 ||     1
Armor: Robe              |    11 |    12 |    14 ||    37
       Skin              |       |       |     6 ||     6
Dodge: Dodged            |    27 |    46 |   112 ||   185
